 Dungeon Crawl Stone Soup version 0.28-a0-565-g7719699fd9 (webtiles) character file.

Game seed: 17260720744240110223

56 Drevant2 the Poker (level 3, -2/27 HPs)
             Began as a Merfolk Gladiator on Oct 1, 2021.
             Slain by Ijyb (5 damage)
             ... on level 3 of the Dungeon.
             The game lasted 00:04:47 (2054 turns).

Drevant2 the Poker (Merfolk Gladiator)              Turns: 2054, Time: 00:04:48

Health: -2/27      AC:  4    Str: 14    XL:     3   Next: 97%
Magic:  3/3        EV: 13    Int:  7    God:
Gold:   138        SH:  0    Dex: 16    Spells: 2/2 levels left

rFire   . . .      SeeInvis .   a - +0 trident
rCold   . . .      Faith    .   (no shield)
rNeg    . . .      Spirit   .   b - +0 leather armour
rPois   .          Reflect  .   c - +0 helmet
rElec   .          Harm     .   (no cloak)
rCorr   .          Rampage  .   (no gloves)
Will    .....                   (no boots)
Stlth   +.........              (no amulet)
HPRegen 0.09/turn               (no ring)
MPRegen 0.08/turn               (no ring)

@: no status effects
A: (nimble swimmer 2), mertail
a: no special abilities


You were on level 3 of the Dungeon.
You visited 1 branch of the dungeon, and saw 3 of its levels.

You collected 138 gold pieces.

Inventory:

Hand Weapons
 a - a +0 trident (weapon)
Missiles
 d - 3 throwing nets (quivered)
Armour
 b - a +0 leather armour (worn)
 c - a +0 helmet (worn)
Jewellery
 e - a +6 ring of intelligence
Scrolls
 f - a scroll of enchant armour {unknown}
 h - a scroll of identify {unknown}
 i - a scroll of blinking {unknown}
 j - a scroll of vulnerability {unknown}
 k - a scroll of enchant weapon {unknown}


   Skills:
 - Level 2.1 Fighting
 * Level 6.9 Polearms
 - Level 2.0 Throwing
 - Level 4.0 Dodging


You had 2 spell levels left.
You didn't know any spells.
Your spell library contained the following spells:

 Spells                   Type           Power      Damage    Failure   Level
 Animate Skeleton         Necr           0%         N/A       52%         1
 Freeze                   Ice            0%         1d3       52%         1
 Frozen Ramparts          Ice            0%         1d2       87%         3
 Ignite Poison            Fire/Tmut/Pois 0%         N/A       87%         3
 Mephitic Cloud           Conj/Pois/Air  0%         N/A       87%         3
 Stone Arrow              Conj/Erth      0%         3d7       87%         3
 Animate Armour           Summ/Erth      0%         N/A       99%         4
 Hailstorm                Conj/Ice       0%         3d3       99%         4
 Freezing Cloud           Conj/Ice/Air   0%         6-21      100%        5
 Conjure Ball Lightning   Conj/Air       0%         3x3d6     100%        6
 Statue Form              Tmut/Erth      0%         N/A       100%        6
 Malign Gateway           Summ/Tloc      0%         N/A       100%        7
 Lehudib's Crystal Spear  Conj/Erth      0%         10d2      100%        8
 Death's Door             Necr           0%         N/A       100%        9


Dungeon Overview and Level Annotations

Branches:
Dungeon (3/15)

Altars:

Shops:
D:1 *:(

Annotations:
D:3 Ijyb


Innate Abilities, Weirdness & Mutations

((You are quick and stealthy near water. (Stealth+, EV+, Speed+++)))
Your lower body shifts to a powerful aquatic tail in water.


Message History

Ijyb hits you with a +0 club.
You completely miss Ijyb.
Ijyb is severely wounded.
Ijyb hits you with a +0 club.
* * * LOW HITPOINT WARNING * * *
You hit Ijyb but do no damage.
Ijyb is severely wounded.
Ijyb barely misses you.
You hit Ijyb but do no damage.
Ijyb is heavily wounded.
Ijyb barely misses you.
You hit Ijyb but do no damage.
Ijyb is heavily wounded.
Ijyb hits you with a +0 club.
* * * LOW HITPOINT WARNING * * *
You hit Ijyb but do no damage.
Ijyb is heavily wounded.
Ijyb barely misses you.
You feel better. Ijyb screams, "I cut your head off!"
Ijyb hits you with a +0 club.
You barely miss Ijyb.
Ijyb is heavily wounded.
Ijyb hits you with a +0 club.
You hit Ijyb but do no damage.
Ijyb is heavily wounded.
Ijyb hits you with a +0 club.
You hit Ijyb but do no damage.
Ijyb is heavily wounded.
You hit Ijyb but do no damage.
Ijyb is heavily wounded.
Ijyb hits you with a +0 club.
You barely miss Ijyb.
Ijyb is heavily wounded.
Ijyb hits you with a +0 club.
* * * LOW HITPOINT WARNING * * *
You hit Ijyb.
Ijyb is severely wounded.
Ijyb hits you with a +0 club.
You die...

# #.## ##...#.#####..#
# ##.# #.###.#####..#
# #>.## ##>#
#........# # #.#.##
##.## ########g#####
#### #....###.########
#.......#
##.###..##....##.....#
#.###.#.#
..#..#..###.#.##.....#
#.# #.#.#
.###....##......^....#
#.###.#.#
..#..##.##.##.##@g...#
#.....#.#
##.####.......##.....#
#.......# ####
#.....##########
####.#### # #.....#
#.# # #.....# #.# #
#.รท...## #.#
#......##### #.#
#.#.##.....# #.#
#.#.##.###.# #######.#


You could see Ijyb.

Vanquished Creatures
  2 adders (D:2)
  2 worms (D:2)
  3 bats
  3 endoplasms
  2 goblins (D:1)
  7 hobgoblins
  2 quokkas (D:1)
  3 ball pythons
  A frilled lizard (D:1)
  2 kobolds (D:1)
  4 rats
  A spectral hobgoblin (D:2)
32 creatures vanquished.

Notes
Turn   | Place    | Note
-------+----------+-------------------------------------------
     0 | D:1      | Drevant2 the Merfolk Gladiator began the quest for the Orb.
     0 | D:1      | Reached XP level 1. HP: 16/16 MP: 1/1
    58 | D:1      | Found Ivufudy's Assorted Antiques.
   115 | D:1      | Found Juptuah's Book Boutique.
   212 | D:1      | Reached skill level 5 in Polearms
   234 | D:1      | Reached XP level 2. HP: 22/22 MP: 2/2
   409 | D:1      | Found Patypump's Weapon Boutique.
   490 | D:1      | Got the Grimoire of Cloudy Evil
   906 | D:2      | Got the Guide on Transmutation and the Escort
   944 | D:2      | Found a faded altar of an unknown god.
   984 | D:2      | Reached skill level 6 in Polearms
   984 | D:2      | Reached XP level 3. HP: 27/27 MP: 3/3
  1631 | D:3      | Noticed Ijyb
  2054 | D:3      | Slain by Ijyb

Illustrated notes

Levels and vault maps discovered:
D:1:      lightli_iron_boxes, layout_basic, serial_shops,
          nicolae_shop_overgrown_old_shop, nicolae_lakefront_shop, shop
D:2:      layout_basic, dreamdust_ecumenical_altar_drowned_temple
D:3:      layout_loops_cross, grunt_ministairs_15, uniq_grinder, uniq_ijyb

Skill      XL: |  1  2 |
---------------+-------+-----
Polearms       | 5 6 |  6.9
Fighting       | |  2.1
Throwing       | |  2.0
Dodging        | |  4.0

Action                   || total
-------------------------++-------
Melee: Trident           ||   152
       Unarmed           ||     7
  Use: Potion            ||     2
 Stab: Sleeping          ||     3
Armor: Leather armour    ||    18
       Skin              ||     1
Dodge: Dodged            ||    93

Table legend: (Time is in decaauts)
 A = Elapsed time spent in this place.
 B = Non-inter-level travel time spent in this place.
 C = Inter-level travel time spent in this place.
 D = Time resting spent in this place.
 E = Time spent auto-exploring this place.
 F = Levels seen in this place.
 G = Mean time per level.
                   A        B        C        D        E       F      G
               +--------+--------+--------+--------+--------+-----+--------+
         Total |   2026 |   1923 |    103 |    376 |   1210 |   3 |  675.3 |
       Dungeon |   2026 |   1923 |    103 |    376 |   1210 |   3 |  675.3 |
               +--------+--------+--------+--------+--------+-----+--------+

Top non-repeatable levels by time:
     D:2: 921 daAuts
     D:1: 862 daAuts
     D:3: 241 daAuts
